 Dungeon Crawl Stone Soup version 0.27.1 (webtiles) character file.

Game seed: 644172517352786904

144 r3algoood the Magician (level 5, -1/28 HPs)
             Began as a Deep Elf Air Elementalist on Aug 31, 2021.
             Slain by a gnoll (4 damage)
             ... on level 3 of the Dungeon.
             The game lasted 00:18:59 (3675 turns).

r3algoood the Magician (Deep Elf Air Elementalist)  Turns: 3675, Time: 00:19:00

Health: -1/28      AC:  3    Str:  5    XL:     5   Next: 5%
Magic:  3/13       EV: 13    Int: 21    God:
Gold:   60         SH:  0    Dex: 15    Spells: 1/12 levels left

rFire    . . .     SeeInvis .   e - +1 dagger (speed)
rCold    . . .     Faith    .   (no shield)
rNeg     . . .     Spirit   .   a - +0 robe
rPois    .         Reflect  .   (no helmet)
rElec    .         Harm     .   h - +0 cloak
rCorr    .         Rampage  .   (no gloves)
Will     .....                  (no boots)
Stlth    ++........             (no amulet)
HPRegen  0.09/turn              (no ring)
MPRegen  0.13/turn              (no ring)

@: studying Hexes
A: no striking features
a: no special abilities


You were on level 3 of the Dungeon.
You visited 1 branch of the dungeon, and saw 3 of its levels.

You collected 60 gold pieces.

Inventory:

Hand Weapons
 e - a +1 dagger of speed (weapon)
Missiles
 f - 87 stones
Armour
 a - a +0 robe (worn)
 b - a +0 ring mail
 h - a +0 cloak (worn)
Wands
 o - a wand of charming (8)
Scrolls
 c - a scroll of teleportation {unknown}
 g - a scroll of magic mapping {unknown}
 i - a scroll of fear {unknown}
 k - a scroll of noise {unknown}
 p - a scroll of enchant armour {unknown}
Potions
 d - 2 potions of heal wounds {unknown}
 j - a potion of brilliance {unknown}
 l - a potion of flight {unknown}
 m - 2 potions of attraction {unknown}
 n - a potion of curing {unknown}
 q - 2 potions of might {unknown}


   Skills:
 + Level 0.2 Fighting
 + Level 1.5 Short Blades
 + Level 2.8 Dodging
 + Level 3.2 Stealth
 + Level 4.1 Spellcasting
 + Level 2.2 Conjurations
 + Level 0.8 Ice Magic
 + Level 3.8 Air Magic


You had one spell level left.
You knew the following spells:

 Your Spells              Type           Power      Damage    Failure   Level
a - Shock                 Conj/Air       68%        1d7       3%          1
b - Summon Small Mammal   Summ           16%        N/A       12%         1
c - Ensorcelled Hibernat  Hex/Ice        12%        N/A       16%         2
d - Tukima's Dance        Hex            4%         N/A       34%         3
e - Airstrike             Air            10%        N/A       24%         4

Your spell library contained the following spells:

 Spells                   Type           Power      Damage    Failure   Level
 Animate Skeleton         Necr           8%         N/A       12%         1
 Corona                   Hex            4%         N/A       12%         1
 Pain                     Necr           16%        1d4       12%         1
 Static Discharge         Conj/Air       17%        N/A       5%          2
 Swiftness                Air            20%        N/A       8%          3
 Call Canine Familiar     Summ           4%         N/A       34%         3
 Gell's Gravitas          Tloc           2%         N/A       34%         3
 Summon Guardian Golem    Hex/Summ       4%         N/A       34%         3
 Teleport Other           Tloc           4%         N/A       34%         3
 Vampiric Draining        Necr           2%         2d6       34%         3
 Dispersal                Tloc           2%         N/A       100%        6


Dungeon Overview and Level Annotations

Branches:
Dungeon (3/15)

Altars:
Kikubaaqudgha

Shops:
D:1 :(


Message History

Casting: Airstrike (potentially lethal; 24% risk of failure)
Confirm with . or Enter, or press ? or * to list all spells.
Aiming: Shock (safe; 3% risk of failure)
Press: ? - help, Shift-Dir - straight line, f/p - gnoll
Aim: a gnoll, wielding a +0 club (almost dead, 75% to hit)
The zap hits the gnoll.
You kill the gnoll!
The zap misses the gnoll.
You have reached level 5!
Casting: Shock (safe; 3% risk of failure)
Confirm with . or Enter, or press ? or * to list all spells.
Aiming: Shock (safe; 3% risk of failure)
Press: ? - help, Shift-Dir - straight line, f - gnoll
Aim: a gnoll, wielding a +0 club (75% to hit)
The zap hits the gnoll.
The gnoll is moderately wounded.
The gnoll hits you with a +0 club.
Casting: Shock (safe; 3% risk of failure)
Confirm with . or Enter, or press ? or * to list all spells.
Aiming: Shock (safe; 3% risk of failure)
Press: ? - help, Shift-Dir - straight line, f/p - gnoll
Aim: a gnoll, wielding a +0 club (moderately wounded, 75% to hit)
The zap hits the gnoll.
The gnoll is severely wounded.
The zap hits the gnoll.
The gnoll is moderately wounded.
The gnoll hits you with a +0 club. The gnoll completely misses you.
The gnoll hits you with a +0 club. The gnoll closely misses you.
The gnoll hits you from afar with a +0 halberd!
* * * LOW HITPOINT WARNING * * *
Casting: Shock (safe; 3% risk of failure)
Confirm with . or Enter, or press ? or * to list all spells.
Aiming: Shock (safe; 3% risk of failure)
Press: ? - help, Shift-Dir - straight line, f/p - gnoll
Aim: a gnoll, wielding a +0 club (severely wounded, 75% to hit)
The zap hits the gnoll.
The gnoll is severely wounded.
The gnoll hits you with a +0 club.
You die...

#..# #.....#.. #...
##.## ##.#.#...#
#...#####..# #........#
#..........###..#.#.#.#
...........##......#.#
#.........##..#..##.#
#..........##.##.#...
#.....g..#.##.##.####
#...@g...#..#.##.. .
#........##.#.#######
#........##.#.# #.
###########...# #.
############## ##..# #.
.............# #..# #.
############.# #.># #.
#.# #### #. #.# #.


You could see 2 gnolls.

Vanquished Creatures
  Ijyb (D:3)
  4 adders
  2 gnolls (D:3)
  2 worms
  2 dart slugs
  10 ball pythons
  4 endoplasms
  A giant cockroach (D:1)
  6 goblins
  4 hobgoblins
  2 quokkas
  3 bats
  7 kobolds
  5 rats
53 creatures vanquished.

Vanquished Creatures (collateral kills)
  A giant cockroach (D:1)
1 creature vanquished.

Grand Total: 54 creatures vanquished

Notes
Turn   | Place    | Note
-------+----------+-------------------------------------------
     0 | D:1      | r3algoood the Deep Elf Air Elementalist began the quest for
                  | the Orb.
     0 | D:1      | Reached XP level 1. HP: 10/10 MP: 6/6
   153 | D:1      | Learned a level 1 spell: Summon Small Mammal
   374 | D:1      | Found a faded altar of an unknown god.
   416 | D:1      | Reached XP level 2. HP: 9/15 MP: 2/8
   560 | D:1      | Found Wybleif's Book Boutique.
   669 | D:1      | Learned a level 2 spell: Ensorcelled Hibernation
   803 | D:1      | Found Ylunnune's Weapon Boutique.
  1353 | D:2      | Reached XP level 3. HP: 19/19 MP: 8/10
  1373 | D:2      | Learned a level 3 spell: Tukima's Dance
  2003 | D:2      | Found an ancient bone altar of Kikubaaqudgha.
  2581 | D:3      | Reached XP level 4. HP: 19/24 MP: 4/11
  2756 | D:3      | Noticed Ijyb
  2781 | D:3      | Killed Ijyb
  2782 | D:3      | Reached skill level 1 in Short Blades
  2859 | D:3      | Reached skill level 4 in Spellcasting
  3310 | D:3      | Learned a level 4 spell: Airstrike
  3644 | D:3      | Reached XP level 5. HP: 28/28 MP: 2/13
  3675 | D:3      | Slain by a gnoll

Illustrated notes

Levels and vault maps discovered:
D:1:      sevenhm_arrival_forest_fort_large_2, layout_basic, serial_shops,
          nicolae_lakefront_shop, nicolae_square_shop,
          hellmonk_ecumenical_altar_pennies_from_heaven
D:2:      layout_loops_cross, basic_altar
D:3:      layout_basic, serial_glass, glass_columns_a, glass_columns_a,
          feat_on_display, item_on_display_a, feat_on_display,
          corexii_hall_statues_u, uniq_ijyb

Skill      XL: |  1  2  3  4 |
---------------+-------------+-----
Conjurations   | 2 |  2.2
Short Blades   | 1 |  1.5
Spellcasting   | 4 |  4.1
Stealth        | 3 |  3.2
Fighting       | |  0.2
Dodging        | |  2.8
Ice Magic      | |  0.8
Air Magic      | |  3.8

Action                   |  1- 3 |  4- 6 || total
-------------------------+-------+-------++-------
Melee: Unarmed           |     4 |       ||     4
       Dagger            |    38 |     8 ||    46
 Cast: Shock             |    56 |    27 ||    83
       Summon Small Mamm |     2 |       ||     2
       Ensorcelled Hiber |     2 |       ||     2
       Airstrike         |       |     2 ||     2
 Stab: Sleeping          |     2 |       ||     2
Armor: Robe              |    14 |     2 ||    16
Dodge: Dodged            |    35 |    13 ||    48
